 Dungeon Crawl Stone Soup version 0.28-a0-1629-gf728b707aa (webtiles) character file.

Game seed: 15813708016892391477

214 hashsling the Vexing (level 5, 0/28 HPs)
             Began as a Deep Elf Enchanter on Jan 24, 2022.
             Was an Initiate of Gozag.
             Slain by Jessica (3 damage)
             ... on level 3 of the Dungeon.
             The game lasted 00:11:31 (3053 turns).

hashsling the Vexing (Deep Elf Enchanter)           Turns: 3053, Time: 00:11:34

Health: 0/28       AC:  2    Str:  5    XL:     5   Next: 59%
Magic:  0/14       EV: 14    Int: 20    God:    Gozag
Gold:   215        SH:  0    Dex: 17    Spells: 2/13 levels left

rFire   . . .      SeeInvis .   e - +0 short sword
rCold   . . .      Faith    .   (no shield)
rNeg    . . .      Spirit   .   b - +0 robe
rPois   .          Reflect  .   (no helmet)
rElec   .          Harm     .   (no cloak)
rCorr   +          Rampage  .   (no gloves)
Will    .....                   (no boots)
Stlth   +++.......              (no amulet)
HPRegen 0.09/turn               g - ring of resist corrosion
MPRegen 0.14/turn               (no ring)

@: gold aura
A: no striking features
a: Renounce Religion, Potion Petition, Call Merchant, Bribe Branch


You were on level 3 of the Dungeon.
You worshipped Gozag.
Gozag was aware of your devotion.
You visited 1 branch of the dungeon, and saw 3 of its levels.

You collected 233 gold pieces.
You paid 18 gold pieces to Gozag.

Inventory:

Hand Weapons
 a - a +1 dagger
 e - a +0 short sword (weapon)
 p - a +0 quarterstaff
Armour
 b - a +0 robe (worn)
Jewellery
 g - a ring of resist corrosion (left hand)
Scrolls
 d - a scroll of summoning {unknown}
 j - 2 scrolls of identify {unknown}
 k - a scroll of noise {unknown}
 l - 2 scrolls of teleportation {unknown}
 m - a scroll of enchant weapon {unknown}
 n - a scroll of vulnerability {unknown}
Potions
 c - 2 potions of cancellation {unknown}
 f - 2 potions of mutation {unknown}
 h - a potion of resistance {unknown}
 i - a potion of flight {unknown}
 o - a potion of ambrosia {unknown}
 q - a potion of attraction {unknown}
 r - a potion of degeneration {unknown}
 s - a potion of brilliance {unknown}


   Skills:
 - Level 2.0 Short Blades
 + Level 4.3 Dodging
 - Level 4.0 Stealth
 + Level 4.7 Spellcasting
 + Level 0.1 Conjurations
 + Level 5.5 Hexes
 + Level 0.2 Ice Magic


You had 2 spell levels left.
You knew the following spells:

 Your Spells              Type           Power      Damage    Failure   Level
a - Ensorcelled Hibernat  Hex/Ice        32%        N/A       5%          2
b - Confusing Touch       Hex            26%        N/A       3%          3
c - Tukima's Dance        Hex            26%        N/A       3%          3
d - Dazzling Flash        Conj/Hex       32%        N/A       11%         3

Your spell library contained the following spells:

 Spells                   Type           Power      Damage    Failure   Level
 Ozocubu's Armour         Ice            5%         N/A       32%         3
 Ozocubu's Refrigeration  Ice            2%         4d5       100%        7


Dungeon Overview and Level Annotations

Branches:
Dungeon (3/15)

Altars:
Elyvilon
Gozag

Shops:
D:2 *

Annotations:
D:3 1 transporter, Jessica, Robin


Message History

Your +0 club hits Jessica.
The goblin hits something with a +0 dagger.
The helpless goblin fails to defend itself.
You puncture the goblin!
You kill the goblin!
Jessica is no longer blind.
Jessica is distracted by your dazzling golden aura.
The goblin barely misses you.
The hobgoblin hits your +0 club.
Something hits Robin.
Something freezes Robin.
Your +0 club hits Jessica but does no damage.
Jessica is no longer distracted by gold.
Jessica shouts!
Robin throws the goblin at you!
* * * LOW HITPOINT WARNING * * *
The goblin hits something with a +0 dagger.
Aiming: Ensorcelled Hibernation (safe; 5% risk of failure)
Press: ? - help, Q - select action, (/) - cycle Shift-Dir - straight line, f - Jessica
Aim: Jessica, wearing a +0 robe (moderately wounded, fast, ally target, chance to affect: 58%)
Okay, then.
Casting: Ensorcelled Hibernation (safe; 5% risk of failure)
Confirm with . or Enter, or press ? or * to list all spells.
The spell is quite dangerous to miscast (11% risk of failure)!
Continue anyway?
Casting: Dazzling Flash (quite dangerous; 11% risk of failure)
Press: ? - help, Dir - look around, f - activate You can't see that place. [the floor.]
The goblin is dazzled. x2; The hobgoblin is dazzled.
The hobgoblin hits something.
Jessica barely misses you.
The goblin is distracted by your dazzling golden aura.
The goblin closely misses you.
The hobgoblin hits your +0 club.
Something hits Robin.
Something freezes Robin.
Your +0 club hits Jessica.
The goblin hits something with a +0 dagger.
The goblin shouts!
You swap places.
A frilled lizard comes into view.
The frilled lizard hisses angrily.
The goblin is no longer distracted by gold.
Jessica hits you.
You die...
Your body crumbles into a pile of gold.

#..... .# ..
.#...S. ..## ..
...... ..# ###
#.... ..# ... #...
#.# ... #.. #.#
###
#.####.###.#####.#
#....w.ggg.......#
####
...###ggg@@g.#####
.... g.l....##(#.#
#### ..###.###g#.#
#. #.#.# ..
#.#.########## ...
..#.#.........
##..
###.#.########
#...........
###.########


You could see Robin, a dart slug, Jessica (fast, ally target), 3 hobgoblins, 4
goblins, a frilled lizard and a friendly +0 club.

Vanquished Creatures
  An adder (D:2)
  A worm (D:2)
  A dart slug (D:2)
  An orc (D:3)
  4 ball pythons
  2 endoplasms (D:1)
  5 giant cockroaches
  5 goblins
  6 hobgoblins
  2 jackals (D:1)
  2 quokkas (D:1)
  3 bats
  3 frilled lizards
  7 kobolds
  2 rats (D:2)
45 creatures vanquished.

Vanquished Creatures (collateral kills)
  Sigmund (D:3)
1 creature vanquished.

Vanquished Creatures (others)
  A dancing weapon (D:3)
  A hobgoblin (D:3)
  A ball python (D:3)
3 creatures vanquished.

Grand Total: 49 creatures vanquished

Notes
Turn   | Place    | Note
-------+----------+-------------------------------------------
     0 | D:1      | hashsling the Deep Elf Enchanter began the quest for the
                  | Orb.
     0 | D:1      | Reached XP level 1. HP: 10/10 MP: 6/6
   150 | D:1      | Reached XP level 2. HP: 2/15 MP: 8/8
  1108 | D:1      | Learned a level 2 spell: Ensorcelled Hibernation
  1334 | D:2      | Found an opulent altar of Gozag.
  1434 | D:2      | Became a worshipper of Gozag Ym Sagoz the Greedy
  1531 | D:2      | Reached XP level 3. HP: 10/19 MP: 9/9
  1713 | D:2      | Learned a level 3 spell: Confusing Touch
  1717 | D:2      | Learned a level 3 spell: Tukima's Dance
  1847 | D:2      | Found Waumalei's Assorted Antiques.
  2435 | D:3      | Found a white marble altar of Elyvilon.
  2550 | D:3      | Found a faded altar of an unknown god.
  2552 | D:3      | Noticed Sigmund
  2583 | D:3      | Killed Sigmund
  2584 | D:3      | Reached skill level 5 in Hexes
  2584 | D:3      | Reached XP level 4. HP: 3/24 MP: 7/12
  2584 | D:3      | Reached XP level 5. HP: 4/28 MP: 8/14
  2596 | D:3      | Learned a level 3 spell: Dazzling Flash
  2888 | D:3      | Found a transporter.
  3037 | D:3      | Noticed Jessica
  3037 | D:3      | Noticed Robin
  3053 | D:3      | Slain by Jessica

Illustrated notes

Levels and vault maps discovered:
D:1:      shiori_arrival_oz, layout_rooms, minivault_26
D:2:      layout_basic, serial_shops, shop, basic_altar
D:3:      layout_loops_ring, nicolae_overflow_crystal_walls,
          ebering_ecumenical_altar_rust, gammafunk_ghost_mausoleum,
          uniq_sigmund, uniq_jessica, uniq_crazy_yiuf_cottage, uniq_robin,
          uniq_natasha

Skill      XL: |  1  2  3 |
---------------+----------+-----
Stealth        | 4 |  4.0
Dodging        | 3 4 |  4.3
Short Blades   | 2 |  2.0
Spellcasting   | 4 |  4.7
Hexes          | 5 |  5.5
Conjurations   | |  0.1
Ice Magic      | |  0.2

Action                   |  1- 3 |  4- 6 || total
-------------------------+-------+-------++-------
Melee: Short sword       |   137 |    14 ||   151
       Dagger            |     2 |       ||     2
       Punch             |     1 |       ||     1
 Cast: Ensorcelled Hiber |     7 |     4 ||    11
       Tukima's Dance    |     1 |     2 ||     3
       Confusing Touch   |     1 |       ||     1
       Dazzling Flash    |       |     2 ||     2
  Use: Potion            |     1 |       ||     1
 Stab: Sleeping          |    16 |     5 ||    21
       Confused          |     1 |       ||     1
       Distracted        |       |     1 ||     1
Armor: Robe              |    28 |     3 ||    31
Dodge: Dodged            |    79 |    15 ||    94

Table legend: (Time is in decaauts)
 A = Elapsed time spent in this place.
 B = Non-inter-level travel time spent in this place.
 C = Inter-level travel time spent in this place.
 D = Time resting spent in this place.
 E = Time spent auto-exploring this place.
 F = Levels seen in this place.
 G = Mean time per level.
                   A        B        C        D        E       F      G
               +--------+--------+--------+--------+--------+-----+--------+
         Total |   3055 |   3018 |     37 |      0 |   2550 |   3 | 1018.3 |
       Dungeon |   3055 |   3018 |     37 |      0 |   2550 |   3 | 1018.3 |
               +--------+--------+--------+--------+--------+-----+--------+

Top non-repeatable levels by time:
     D:1: 1311 daAuts
     D:2: 1006 daAuts
     D:3: 737 daAuts
